 Dungeon Crawl Stone Soup version 0.19-a0-1686-g35356ef (webtiles) character file.

22708 LordChaos the Slicer (level 12, 0/144 HPs)
             Began as a Demonspawn Berserker on Sept 25, 2016.
             Was a High Priest of Trog.
             Slain by a manticore (1 damage)
             ... summoned by Kirke
             ... on level 14 of the Dungeon.
             The game lasted 01:24:35 (12815 turns).

LordChaos the Slicer (Demonspawn Berserker)        Turns: 12815, Time: 01:24:36

Health: 0/144      AC:  1    Str: 24    XL:     12   Next: 65%
Magic:  12/12      EV: 17    Int:  8    God:    Trog [*****.]
Gold:   863        SH:  0    Dex: 17    Spells: 0 memorised, 11 levels left

rFire  . . .     SeeInvis .     (weapon currently unavailable)
rCold  . . .     Gourm    .     (armour currently unavailable)
rNeg   . . .     Faith    .     (shield currently unavailable)
rPois  .         Spirit   .     (helmet currently unavailable)
rElec  .         Dismiss  .     (cloak currently unavailable)
rCorr  .         Reflect  .     (gloves currently unavailable)
MR     .....     Harm     .     (boots currently unavailable)
Stlth  ..........               h - amulet of regeneration
                                (ring currently unavailable)
                                (ring currently unavailable)

@: berserking (expiring), lethally poisoned (0 -> -5), pig-form, barbed spikes,
slowed, very quick
A: (horns 0), (large bone plates 0), rot immunity
a: Berserk, Trog's Hand, Brothers in Arms, Burn Spellbooks, Renounce Religion


You were on level 14 of the Dungeon.
You worshipped Trog.
Trog was extremely pleased with you.
You were not hungry.
You were a filthy swine.
You visited 3 branches of the dungeon, and saw 18 of its levels.
You also visited: Sewer.

You collected 888 gold pieces.
You spent 25 gold pieces at shops.

Inventory:

Hand Weapons
 n - a +4 short sword of flaming (melded)
Armour
 m - a +0 buckler (melded)
 t - a +0 pair of boots (melded)
 u - a +1 plate armour (melded)
 y - a +0 ice dragon armour
Jewellery
 h - an amulet of regeneration (around neck)
 x - a +2 ring of strength (melded)
Scrolls
 a - 6 scrolls of teleportation
 d - 9 scrolls of remove curse
 g - 5 scrolls of identify
 v - 2 scrolls of blinking
 w - 3 scrolls of magic mapping
Potions
 e - a potion of resistance
 i - 3 potions of flight
 j - a potion of heal wounds
 q - 7 potions of curing
Comestibles
 b - 4 meat rations
 c - 4 bread rations
 f - 2 slices of pizza
 k - 4 fruits
 l - 2 beef jerkies
 r - 2 royal jellies


   Skills:
 + Level 9.4 Fighting
 + Level 12.4 Short Blades
 + Level 10.1 Armour
 + Level 3.9 Dodging
 + Level 2.3 Stealth
 + Level 7.2 Shields


You had 11 spell levels left.
You didn't know any spells.

Dungeon Overview and Level Annotations

Branches:
Dungeon (15/15)            Temple (0/1) D:4            Lair (1/6) D:9
    Orc (2/2) D:9
    Elf: Orc:2       Vaults: D:13-14     Depths: D:15

Altars:
Dithmenos
Gozag
Trog
Vehumet
Xom
Zin

Shops:
D:6 %}%==   D:8 ![=   D:11 }

Annotations:
D:14 Kirke


Innate Abilities, Weirdness & Mutations

((You have a pair of horns on your head.))
((You are completely covered in large bone plates. (SH +8)))
You are immune to rotting.


Message History

You closely miss Kirke.
Kirke is moderately wounded.
You feel sick. Kirke closely misses you. The manticore barely misses you.
The manticore claws you!
* * * LOW HITPOINT WARNING * * *
The manticore claws you.
* * * LOW HITPOINT WARNING * * *
The water moccasin bites you!
* * * LOW HITPOINT WARNING * * *
The barbs in your skin will harm you if you move.
Continue?
Okay, then.
You bite Kirke!
Kirke is moderately wounded.
You feel sick. Kirke hits you.
* * * LOW HITPOINT WARNING * * *
The water moccasin misses you. The manticore closely misses you.
The manticore claws you!
* * * LOW HITPOINT WARNING * * *
The manticore claws you.
You die...

..#.. #..... ..
#.... .# . #...
#.# .. .. #..#
..# ... #.#... ..
.... #....h##
.#.....
#.hhH@##.......
####..#h(†.#
...$..#.S#.......
....#..<#.......)
...#.......##....
.................
.......#.#.##....
....... ..... ..#
.....=. ...... .
#...... .....(.


You could see Kirke, a manticore, 3 hogs and a water moccasin.

Vanquished Creatures
  The ghost of dashit the Cleaver, a journeyman HOFi of Beogh (D:13)
  Josephine (D:10)
  2 hydras
  The ghost of plsesad the Fighter, a novice DsCK of Xom (D:10)
  A centaur warrior (D:13)
  Erica (D:9)
  An unseen horror (D:13)
  A deep elf mage (D:14)
  2 manticores (D:11)
  An orc sorcerer (Orc:1)
  An ugly thing (D:11)
  A cyclops (D:11)
  3 gargoyles (D:12)
  A spiny frog (Lair:1)
  3 trolls (D:13)
  A two-headed ogre (D:13)
  7 hippogriffs
  8 wraiths
  10 yaks (D:11)
  A spriggan (D:9)
  5 humans (D:7)
  Grum (D:9)
  A basilisk (Lair:1)
  A hungry ghost (D:10)
  A steam dragon (D:8)
  A soldier ant (D:13)
  3 water moccasins
  2 porcupines (Lair:1)
  An ice beast (D:13)
  6 orc warriors
  2 eyes of draining (D:7)
  A black bear (D:13)
  3 sky beasts
  3 phantoms
  7 wolves
  12 centaurs
  3 big kobolds
  6 bullfrogs
  2 gnoll sergeants
  A wyvern skeleton (D:13)
  5 scorpions
  4 killer bees (D:11)
  8 wights
  3 jellies
  4 howler monkeys
  5 crimson imps
  8 hounds
  A bullfrog zombie (D:11)
  14 orc priests
  6 iguanas
  3 centaur skeletons
  8 worker ants
  Ijyb (D:3)
  11 orc wizards
  A worker ant zombie (D:9)
  9 gnolls
  11 adders
  A river rat (Sewer)
  3 shadow imps
  5 oozes
  An adder zombie (D:8)
  7 worms
  3 dart slugs
  5 leopard geckos
  50 orcs
  7 bats
  7 giant cockroaches
  12 goblins
  3 hobgoblins
  10 jackals
  A quokka (D:12)
  4 ball pythons
  8 frilled lizards
  20 kobolds
  A quokka skeleton (D:7)
  9 rats
369 creatures vanquished.

Notes
Turn   | Place    | Note
-------+----------+-------------------------------------------
     0 | D:1      | LordChaos the Demonspawn Berserker began the quest for the Orb.
     0 | D:1      | Reached XP level 1. HP: 18/18 MP: 1/1
    74 | D:1      | Reached skill level 3 in Short Blades
    83 | D:1      | Gained mutation: You are partially covered in large bone plates. (SH +4) [demonic ancestry]
    83 | D:1      | Reached XP level 2. HP: 17/24 MP: 2/2
   297 | D:1      | Reached ** piety under Trog
   655 | D:1      | Gained mutation: You have a pair of small horns on your head. [demonic ancestry]
   655 | D:1      | Reached XP level 3. HP: 29/29 MP: 3/3
  1133 | D:2      | Reached XP level 4. HP: 35/35 MP: 4/4
  1905 | D:3      | Gained mutation: You are agile. (Dex +2) [potion of mutation]
  1905 | D:3      | Gained mutation: Scrolls take you a little longer to read. [potion of mutation]
  1905 | D:3      | Gained mutation: You are somewhat resistant to further mutation. [potion of mutation]
  1970 | D:3      | Gained mutation: You are immune to rotting. [demonic ancestry]
  1970 | D:3      | Reached XP level 5. HP: 22/41 MP: 5/5
  1973 | D:3      | Reached skill level 4 in Short Blades
  2025 | D:3      | Reached *** piety under Trog
  2302 | D:3      | Noticed Ijyb
  2316 | D:3      | Killed Ijyb
  2482 | D:4      | Found a staircase to the Ecumenical Temple.
  2567 | D:4      | Found a glowing drain.
  2572 | Sewer    | Entered a sewer
  2837 | Sewer    | Gained mutation: You are mostly covered in large bone plates. (SH +6) [demonic ancestry]
  2837 | Sewer    | Reached XP level 6. HP: 47/47 MP: 6/6
  2840 | Sewer    | Reached skill level 5 in Short Blades
  3237 | D:4      | Reached XP level 7. HP: 53/53 MP: 7/7
  3241 | D:4      | Reached **** piety under Trog
  3415 | D:4      | Found a glowing silver altar of Zin.
  3475 | D:4      | Found a shadowy altar of Dithmenos.
  3498 | D:5      | Entered Level 5 of the Dungeon
  3615 | D:5      | Reached skill level 6 in Short Blades
  3676 | D:5      | Reached skill level 1 in Stealth
  4183 | D:6      | Found Diqik's Jewellery Emporium.
  4291 | D:6      | Found Saumupri's Jewellery Shoppe.
  4515 | D:6      | Found Jusch's Gadget Shoppe.
  4647 | D:6      | Gained mutation: You have a pair of horns on your head. [demonic ancestry]
  4647 | D:6      | Reached XP level 8. HP: 56/61 MP: 8/8
  4718 | D:6      | Reached skill level 7 in Short Blades
  4742 | D:6      | Found Ajibb's Food Shop.
  4901 | D:6      | Found Xutaf's Food Boutique.
  5076 | D:7      | Reached skill level 5 in Armour
  5193 | D:7      | Reached skill level 8 in Short Blades
  5284 | D:7      | Found a radiant altar of Vehumet.
  5308 | D:7      | Found a bloodstained altar of Trog.
  5318 | D:7      | Reached skill level 5 in Fighting
  5330 | D:7      | Reached XP level 9. HP: 68/68 MP: 1/9
  5437 | D:7      | Reached ***** piety under Trog
  5555 | D:7      | Reached skill level 9 in Short Blades
  5960 | D:8      | Found Jygacs's Armour Boutique.
  6086 | D:8      | Found an opulent altar of Gozag.
  6247 | D:8      | Found Ipradioc's Distillery.
  6250 | D:8      | Bought a potion of mutation for 25 gold pieces
  6324 | D:8      | Reached skill level 10 in Short Blades
  6537 | D:8      | Found Soykkyg's Jewellery Shop.
  7046 | D:9      | Found a staircase to the Lair.
  7087 | D:9      | Gained mutation: You are completely covered in large bone plates. (SH +8) [demonic ancestry]
  7087 | D:9      | Reached XP level 10. HP: 76/76 MP: 10/10
  7212 | D:9      | Noticed Grum
  7223 | D:9      | Killed Grum
  7267 | Lair:1   | Entered Level 1 of the Lair of Beasts
  7267 | Lair:1   | Noticed Erica
  7301 | D:9      | Killed Erica
  7597 | Lair:1   | Noticed a spiny frog
  7609 | Lair:1   | Killed a spiny frog
  8448 | D:9      | Reached skill level 1 in Shields
  8541 | D:9      | Reached skill level 11 in Short Blades
  8553 | D:9      | Received a gift from Trog
  8610 | D:9      | Found a staircase to the Orcish Mines.
  8663 | Orc:1    | Entered Level 1 of the Orcish Mines
  8685 | Orc:1    | Reached XP level 11. HP: 65/84 MP: 11/11
  8831 | Orc:1    | Found a shimmering altar of Xom.
  8863 | Orc:1    | Noticed an orc sorcerer
  8864 | Orc:1    | Noticed a soul eater
  8896 | D:9      | Gained mutation: You are very agile. (Dex +4) [potion of mutation]
  9229 | Orc:1    | Noticed a soul eater
  9278 | Orc:1    | Killed an orc sorcerer
  9278 | Orc:1    | Received a gift from Trog
  9635 | Orc:2    | Entered Level 2 of the Orcish Mines
  9695 | D:10     | Entered Level 10 of the Dungeon
  9722 | D:10     | Noticed Josephine
  9732 | D:10     | Killed Josephine
  9955 | D:10     | Noticed plsesad's ghost (novice DsCK)
  9971 | D:10     | Killed plsesad's ghost
 10223 | D:10     | Lost mutation: You are very agile. (Dex +4) [potion of cure mutation]
 10223 | D:10     | Lost mutation: You are somewhat resistant to further mutation. [potion of cure mutation]
 10223 | D:10     | Lost mutation: Scrolls take you a little longer to read. [potion of cure mutation]
 10223 | D:10     | Lost mutation: You are agile. (Dex +2) [potion of cure mutation]
 10694 | D:11     | Found Apates's Gadget Boutique.
 11006 | D:11     | Received a gift from Trog
 11101 | D:11     | Reached skill level 12 in Short Blades
 11322 | D:11     | Noticed a cyan ugly thing
 11338 | D:11     | Killed a cyan ugly thing
 11344 | D:11     | Reached skill level 5 in Shields
 11482 | D:12     | Reached XP level 12. HP: 80/94 MP: 12/12
 11503 | D:12     | Received a gift from Trog
 11618 | D:12     | Noticed a seven-headed hydra
 11629 | D:12     | Killed a seven-headed hydra
 12361 | D:13     | Noticed dashit's ghost (journeyman HOFi)
 12390 | D:13     | Killed dashit's ghost
 12403 | D:13     | Noticed a centaur warrior
 12420 | D:13     | Killed a centaur warrior
 12498 | D:13     | Reached skill level 10 in Armour
 12645 | D:13     | Noticed a seven-headed hydra
 12656 | D:13     | Killed a seven-headed hydra
 12789 | D:14     | Noticed Kirke
 12800 | D:15     | Entered Level 15 of the Dungeon
 12815 | D:14     | HP: 1/144 [manticore[Kirke] (7)]
 12815 | D:14     | Slain by a manticore

Vault maps used:
D:1:      dpeg_arrival_short_road
D:2:      first_bread
D:3:      uniq_iyjb
D:4:      nicolae_overflow_hidden_temple, gup_sewer_entry_bowl
D:5:      cheibrodos_quashed
D:6:      serial_shops, kennysheep_mini, nicolae_shop_waterfront,
          nicolae_shop_behind_doors, shop, shop, minmay_checkerbox
D:7:      trog_eyes_of_draining, lemuel_crystal_altar, minmay_ruffians
D:8:      serial_shops, nicolae_shop_waterfront, kennysheep_mini_moat,
          shop_statue, nicolae_gozag_cash_rules_everything_around_me
D:9:      lair_0_dummy, orc_0_dummy, grunt_pizzeria, uniq_grum
D:10:     hangedman_abyss_or_decor_passed, uniq_josephine
D:11:     serial_shops, nicolae_shop_waterfront
D:14:     erik_vaults_1, basic_altar, uniq_kirke, uniq_snorg
D:15:     gammafunk_depths_entry_grave, nicolae_ru_path_of_blood
Lair:1:   uniq_erica
Orc:1:    serial_shops, nicolae_shop_behind_doors, basic_altar
Orc:2:    pf_orc_diabolical, mines5_lemuel
Sewer:    sewer_co_15_rooms

Skill      XL: |  1  2  3  4  5  6  7  8  9 10 11 12 |
---------------+-------------------------------------+-----
Dodging        | 2 3 |  3.9
Short Blades   | 3 4 5 6 8 10 11 12 | 12.4
Armour         | 2 3 4 5 6 8 9 10 | 10.1
Stealth        | 1 2 |  2.3
Fighting       | 4 5 6 7 8 9 |  9.4
Shields        | 2 5 7 |  7.2

Action                   |  1- 3 |  4- 6 |  7- 9 | 10-12 || total
-------------------------+-------+-------+-------+-------++-------
Melee: Short sword       |   157 |   251 |   395 |   952 ||  1755
       Headbutt          |     8 |    39 |   112 |   281 ||   440
       Unarmed           |       |       |       |     7 ||     7
Invok: Berserk           |     2 |     2 |     3 |     9 ||    16
       Trog's Hand       |     1 |       |     1 |     2 ||     4
       Burn Spellbooks   |       |       |     2 |     5 ||     7
  Use: Potion            |     5 |     8 |     4 |     4 ||    21
       Scroll            |     6 |    10 |     9 |     7 ||    32
  Eat: Bread ration      |     1 |     1 |     1 |     2 ||     5
       Meat ration       |       |     1 |     2 |       ||     3
       Beef jerky        |       |       |       |     4 ||     4
       Pizza             |       |       |       |    10 ||    10
Armor: Animal skin       |    11 |       |       |       ||    11
       Leather armour    |    43 |    18 |       |       ||    61
       Skin              |    10 |     7 |       |       ||    17
       Scale mail        |       |    67 |    13 |       ||    80
       Plate armour      |       |       |   106 |   309 ||   415
Dodge: Dodged            |   115 |    90 |    98 |   182 ||   485
Block: Other             |    26 |    40 |    75 |    34 ||   175
       Buckler           |       |       |       |   367 ||   367
